 Dungeon Crawl Stone Soup version 0.21-a0-55-gb612c23 (webtiles) character file.

10352 4thArraOfDagon the Tainter (level 11, -7/81 HPs)
             Began as a Mummy Venom Mage on June 14, 2017.
             Was a High Priest of Cheibriados.
             Shot with an arrow by Nessos (9 damage)
             ... on level 12 of the Dungeon.
             The game lasted 00:40:57 (7711 turns).

4thArraOfDagon the Tainter (Mummy Venom Mage)       Turns: 7711, Time: 00:40:57

Health: -7/81      AC:  7    Str: 24    XL:     11   Next: 35%
Magic:  1/20       EV: 19    Int: 29    God:    Cheibriados [*****.]
Gold:   405        SH:  0    Dex: 25    Spells: 7/22 levels left

rFire    x . .     SeeInvis .   k - staff of poison
rCold    + . .     Gourm    .   (no shield)
rNeg     + + +     Faith    .   D - +1 robe {MR+}
rPois    ∞         Spirit   .   r - +0 helmet
rElec    .         Reflect  .   t - scarf {cloud immunity}
rCorr    .         Harm     .   q - +2 pair of gloves {archery}
MR       ++...                  (no boots)
Stlth    ++........             (no amulet)
HPRegen  0.23/turn              B - +2 ring of evasion
MPRegen  0.17/turn              (no ring)

@: very slightly contaminated, very slow
A: no food or potions, fire vulnerability, cold resistance 1, negative energy
resistance 3, torment resistance, unbreathing
a: Bend Time, Temporal Distortion, Slouch, Step From Time, Renounce Religion


You were on level 12 of the Dungeon.
You worshipped Cheibriados.
Cheibriados was extremely pleased with you.
You were not hungry.

You visited 1 branch of the dungeon, and saw 12 of its levels.
You also visited: Labyrinth.

You collected 405 gold pieces.

Inventory:

Hand Weapons
 d - a +0 short sword
 j - a +0 falchion
 l - a +3 dire flail of protection
 A - a +1 scimitar of flaming
Missiles
 o - 2 poisoned tomahawks (quivered)
Armour
 a - a +1 robe
 m - a +0 scale mail of fire resistance
 n - a +0 ring mail
 q - a +2 pair of gloves of archery (worn)
 r - a +0 helmet (worn)
 s - a +0 cloak
 t - a scarf of cloud immunity (worn)
 D - a +1 robe of magic resistance (worn)
 I - the +2 leather armour of the Aged Wars {rPois Dex+4, unknown}
   (You found it in a labyrinth)

   It affects your dexterity (+4).
   It protects you from poison.
Magical Staves
 k - an uncursed staff of poison (weapon)
 u - an uncursed staff of summoning {!a}
 G - a cursed staff of energy {unknown}
Jewellery
 z - a -2 ring of protection
 B - a +2 ring of evasion (left hand)
Wands
 p - a wand of acid (4/15)
 y - a wand of acid (1/15)
 F - a wand of disintegration (23/24)
Scrolls
 c - 3 scrolls of enchant armour
 f - 3 scrolls of amnesia
 g - 3 scrolls of remove curse
 h - a scroll of blinking
 i - a scroll of immolation
 v - a scroll of random uselessness
 x - a scroll of holy word
 C - 3 scrolls of identify
 E - a scroll of magic mapping {unknown}
Books
 b - a Young Poisoner's Handbook

   Spells                             Type                      Level
   a - Sting                          Conjuration/Poison           1
   b - Poisonous Vapours              Poison/Air                   2
   c - Mephitic Cloud                 Conjuration/Poison/Air       3
   d - Olgreb's Toxic Radiance        Poison                       4
   e - Venom Bolt                     Conjuration/Poison           5
 w - the Volume of Psychosis
   (You found it in a labyrinth)

   Spells                             Type                      Level
   a - Sandblast                      Earth                        1
   b - Shroud of Golubria             Charms/Translocation         2
   c - Song of Slaying                Charms                       2
   d - Ozocubu's Armour               Charms/Ice                   3
   e - Deflect Missiles               Charms/Air                   6
   f - Shatter                        Earth                        9
 H - the Volume of Self-Knowledge
   (You found it in a labyrinth)

   Spells                             Type                      Level
   a - Infusion                       Charms                       1
   b - Swiftness                      Charms/Air                   2
   c - Shroud of Golubria             Charms/Translocation         2
   d - Spectral Weapon                Hexes/Charms                 3
Miscellaneous
 J - a lamp of fire


   Skills:
 - Level 6.0 Fighting
 + Level 5.2 Armour
 + Level 5.4 Dodging
 - Level 1.5 Stealth
 - Level 6.0 Spellcasting
 - Level 0.7 Conjurations
 * Level 10.3 Poison Magic
 + Level 5.8 Invocations


You had 7 spell levels left.
You knew the following spells:

 Your Spells              Type           Power        Failure   Level  Hunger
a - Sting                 Conj/Pois      ####         1%          1    N/A
b - Poisonous Vapours     Pois/Air       ######       1%          2    N/A
c - Mephitic Cloud        Conj/Pois/Air  #####...     3%          3    N/A
d - Olgreb's Toxic Radia  Pois           #######.     1%          4    N/A
e - Venom Bolt            Conj/Pois      ######....   16%         5    N/A

Dungeon Overview and Level Annotations

Branches:
Dungeon (12/15)            Temple (0/1) D:6             Orc (0/2) D:9
   Lair: D:8-11

Altars:
Cheibriados
Fedhas

Shops:
D:11 (

Portals:
Trove: D:10 (give +2 gold dragon scales)

Annotations:
D:3 Grinder, Ijyb
D:12 Nessos


Innate Abilities, Weirdness & Mutations

You do not eat or drink.
Your flesh is vulnerable to fire.
You are immune to poison.
Your flesh is cold resistant. (rC+)
You are immune to negative energy. (rN+++)
You are immune to unholy pain and torment.
You can survive without breathing.


Message History

Unknown command.
Unknown command.
The water elemental closely misses you.
Unknown command.
Unknown command.
Unknown command.
Your surroundings suddenly seem different.
A slime creature comes into view.
The slime creature quivers.
Found a stone staircase leading up. 3 slime creatures and Nessos come into view.
Unknown command.
Unknown command.
Nessos shouts!
The slime creature quivers. x2
Nessos wields a glowing longbow.
It bursts into flame!
Nessos shoots an arrow.
The arrow hits you!
* * * LOW HITPOINT WARNING * * *
The arrow burns you!
You die...

J.<.
.J.
... .J
##J###
#....
#..#
#..###
#@...#
#.##c#
#.. ..
####
..# ..
#


You could see Nessos and 3 slime creatures.

Vanquished Creatures
  A hydra (D:10)
  Erica (D:10)
  2 two-headed ogres
  2 unseen horrors
  A centaur zombie (D:10)
  A troll (D:9)
  A hippogriff (D:11)
  2 dream sheep (D:10)
  A redback (Lab)
  10 yaks (D:10)
  A basilisk (Lab)
  5 hungry ghosts
  Edmund (D:4)
  2 orc warriors
  A black bear (D:9)
  An eye of draining (D:11)
  A phantom (D:11)
  A necrophage (D:11)
  2 ogres
  5 centaurs
  5 big kobolds
  3 bullfrogs
  A gnoll sergeant (D:7)
  4 scorpions
  A howler monkey (D:4)
  A bullfrog zombie (D:11)
  2 jellies
  5 hounds
  4 orc priests
  Crazy Yiuf (D:4)
  8 orc wizards
  A bullfrog skeleton (D:10)
  3 centaur skeletons
  Jessica (D:2)
  2 iguanas (D:5)
  8 worker ants
  A hound skeleton (D:7)
  2 howler monkey zombies
  9 gnolls
  13 adders
  An adder skeleton (D:9)
  A worm (D:2)
  2 dart slugs (D:2)
  8 leopard geckos
  30 orcs
  A ball python (D:4)
  4 giant cockroaches
  8 goblins
  5 hobgoblins
  13 jackals
  14 kobolds
  5 quokkas
  5 bats
  A frilled lizard (D:2)
  A leopard gecko skeleton (D:9)
  A leopard gecko zombie (D:6)
  A quokka skeleton (D:7)
  5 rats
  A fungus (D:4)
224 creatures vanquished.

Vanquished Creatures (others)
  3 plants (D:10)
3 creatures vanquished.

Grand Total: 227 creatures vanquished

Notes
Turn   | Place    | Note
-------+----------+-------------------------------------------
     0 | D:1      | 4thArraOfDagon the Mummy Venom Mage began the quest for the Orb.
     0 | D:1      | Reached XP level 1. HP: 13/13 MP: 4/4
   274 | D:2      | Reached XP level 2. HP: 5/19 MP: 2/5
   291 | D:2      | Reached skill level 3 in Poison Magic
   345 | D:2      | Learned a level 2 spell: Poisonous Vapours
   349 | D:2      | Found a snail-covered altar of Cheibriados.
   362 | D:2      | Became a worshipper of Cheibriados the Contemplative
  1054 | D:1      | Reached XP level 3. HP: 14/24 MP: 1/7
  1407 | D:2      | Learned a level 3 spell: Mephitic Cloud
  1456 | D:2      | Reached * piety under Cheibriados
  1554 | D:2      | Noticed Jessica
  1563 | D:2      | Killed Jessica
  1563 | D:2      | Reached skill level 4 in Poison Magic
  1563 | D:2      | Reached XP level 4. HP: 21/30 MP: 3/8
  1729 | D:3      | Noticed Grinder
  2289 | D:3      | Noticed Ijyb
  2486 | D:4      | Noticed Edmund
  2495 | D:4      | Killed Edmund
  2495 | D:4      | Reached skill level 5 in Poison Magic
  2495 | D:4      | Reached XP level 5. HP: 33/35 MP: 1/10
  2535 | D:4      | Learned a level 4 spell: Olgreb's Toxic Radiance
  2603 | D:4      | Reached XP level 6. HP: 29/41 MP: 5/12
  2898 | D:4      | Found a runed door.
  2902 | D:4      | Noticed Crazy Yiuf
  2908 | D:4      | Reached ** piety under Cheibriados
  2916 | D:4      | Killed Crazy Yiuf
  2955 | D:4      | Reached skill level 6 in Poison Magic
  2955 | D:4      | Reached XP level 7. HP: 46/46 MP: 2/14
  3167 | D:4      | Reached skill level 5 in Spellcasting
  3228 | D:5      | Entered Level 5 of the Dungeon
  3569 | D:6      | Found a blossoming altar of Fedhas.
  3596 | D:6      | Found a staircase to the Ecumenical Temple.
  3744 | D:7      | Reached skill level 7 in Poison Magic
  3780 | D:7      | Identified a scroll of acquirement
  3786 | D:7      | Reached *** piety under Cheibriados
  3804 | D:7      | Reached XP level 8. HP: 28/53 MP: 5/17
  3866 | D:7      | Reached skill level 1 in Fighting
  3866 | D:7      | Reached skill level 1 in Invocations
  4063 | D:7      | Reached skill level 1 in Armour
  4675 | D:8      | Learned a level 5 spell: Venom Bolt
  4773 | D:9      | Reached **** piety under Cheibriados
  4868 | D:9      | Noticed a two-headed ogre
  4878 | D:9      | Killed a two-headed ogre
  4878 | D:9      | Reached skill level 8 in Poison Magic
  4878 | D:9      | Reached XP level 9. HP: 46/64 MP: 1/18
  4925 | D:9      | Found a staircase to the Orcish Mines.
  5113 | D:9      | Noticed a troll
  5128 | D:9      | Killed a troll
  5466 | D:10     | Entered Level 10 of the Dungeon
  5515 | D:10     | Reached ***** piety under Cheibriados
  5615 | D:10     | Reached skill level 9 in Poison Magic
  5615 | D:10     | Reached XP level 10. HP: 56/73 MP: 19/19
  5626 | D:10     | Noticed a two-headed ogre
  5650 | D:10     | Killed a two-headed ogre
  5687 | D:10     | Killed an unseen horror
  5758 | D:10     | Reached skill level 5 in Fighting
  5842 | D:10     | Noticed Erica
  5854 | D:10     | Killed Erica
  5854 | D:10     | Reached skill level 5 in Invocations
  5933 | D:10     | Noticed a three-headed hydra
  5990 | D:10     | Found a portal to a secret trove of treasure.
  6022 | D:10     | Reached skill level 5 in Dodging
  6074 | D:10     | Reached XP level 11. HP: 75/81 MP: 20/20
  6128 | D:10     | Killed a one-headed hydra
  6128 | D:10     | Reached skill level 10 in Poison Magic
  6537 | D:11     | Found Zixy's Antique Weapon Shoppe.
  6708 | D:11     | Killed an unseen horror
  6708 | D:11     | Reached skill level 5 in Armour
  6756 | D:11     | Noticed a brown ugly thing
  6855 | D:11     | Noticed a five-headed hydra
  7112 | D:12     | Found a labyrinth entrance.
  7115 | Lab      | Entered a labyrinth
  7673 | Lab      | Noticed a minotaur
  7682 | Lab      | Identified the Volume of Psychosis
  7686 | Lab      | Identified the Volume of Self-Knowledge
  7688 | Lab      | Got a scorched leather armour
  7702 | D:12     | Noticed a two-headed ogre
  7711 | D:12     | Noticed Nessos
  7711 | D:12     | HP: 2/81 [Nessos/arrow (12)]
  7711 | D:12     | Shot with an arrow by Nessos

Vault maps used:
D:1:      minmay_arrival_three_doors
D:2:      kennysheep_slug_shrine, uniq_jessica
D:3:      lightli_corner_chamber, uniq_grinder, uniq_ijyb
D:4:      minmay_misc_feat_square, uniq_crazy_yiuf_cottage, uniq_edmund
D:5:      first_bread, serial_shops, nicolae_shop_window_shopping,
          sword_in_stone
D:6:      minmay_temple_entry_hall, basic_altar
D:8:      grunt_temple_overflow_open, dpeg_lair_monsters
D:9:      david_orc_3, feat_on_display
D:10:     nicolae_trove_entry_crossroad, hangedman_ranch, minivault_10,
          uniq_erica
D:11:     serial_shops, nicolae_shop_behind_doors, eino_tiny_chamber, eino_jars,
          uniq_gastronok
D:12:     cross_vault, lab_entry_generic, uniq_nessos
Lab:      nicolae_lab_dead_adventurers, nicolae_lab_swirl, nicolae_lab_garden,
          nicolae_lab_t_cross

Skill      XL: |  1  2  3  4  5  6  7  8  9 10 11 |
---------------+----------------------------------+-----
Poison Magic   | 3 4 5 6 7 8 9 10 | 10.3
Spellcasting   | 3 4 6 |  6.0
Fighting       | 3 4 5 6 |  6.0
Invocations    | 2 4 5 |  5.8
Dodging        | 3 4 5 |  5.4
Armour         | 2 3 4 5 |  5.2
Stealth        | |  1.5
Conjurations   | |  0.7

Action                   |  1- 3 |  4- 6 |  7- 9 | 10-12 || total
-------------------------+-------+-------+-------+-------++-------
Melee: Short sword       |    35 |       |       |       ||    35
       Falchion          |     1 |       |       |       ||     1
       Staff             |       |    83 |   166 |   254 ||   503
       Scimitar          |       |       |       |     3 ||     3
Throw: Tomahawk          |       |     2 |       |       ||     2
 Cast: Sting             |    50 |    11 |     5 |     1 ||    67
       Poisonous Vapours |    12 |    35 |    61 |     1 ||   109
       Mephitic Cloud    |       |     3 |    10 |     8 ||    21
       Olgreb's Toxic Ra |       |     1 |    38 |    40 ||    79
       Venom Bolt        |       |       |       |     2 ||     2
Invok: Temporal Distorti |       |       |       |     4 ||     4
Evoke: Wand              |       |     2 |    11 |     2 ||    15
  Use: Scroll            |       |     7 |    10 |    11 ||    28
 Stab: Distracted        |       |       |     1 |       ||     1
       Sleeping          |       |       |       |     1 ||     1
Armor: Robe              |    10 |     1 |       |    54 ||    65
       Ring mail         |       |    24 |    71 |    14 ||   109
Dodge: Dodged            |    33 |    57 |   162 |   251 ||   503
